 Dungeon Crawl Stone Soup version 0.28-a0-1033-g1a2f33fa85 (webtiles) character file.

Game seed: 14806355954260499067

47 siradein the Skirmisher (level 3, -4/40 HPs)
             Began as an Ogre Fighter on Dec 8, 2021.
             Slain by a goblin (6 damage)
             ... led by Robin
             ... on level 1 of the Dungeon.
             The game lasted 00:02:46 (1592 turns).

siradein the Skirmisher (Ogre Fighter)              Turns: 1592, Time: 00:02:48

Health: -4/40      AC:  3    Str: 20    XL:     3   Next: 70%
Magic:  3/3        EV:  8    Int:  9    God:
Gold:   27         SH:  7    Dex: 10    Spells: 2/2 levels left

rFire   . . .      SeeInvis .   a - +0 flail
rCold   . . .      Faith    .   c - +0 kite shield
rNeg    . . .      Spirit   .   b - +0 robe
rPois   .          Reflect  .   (helmet restricted)
rElec   .          Harm     .   (no cloak)
rCorr   .          Rampage  .   (gloves unavailable)
Will    .....                   (boots unavailable)
Stlth   +.........              (no amulet)
HPRegen 0.13/turn               (no ring)
MPRegen 0.08/turn               (no ring)

@: no status effects
A: large, unfitting armour, tough skin 1
a: no special abilities


You were on level 1 of the Dungeon.
You visited 1 branch of the dungeon, and saw 2 of its levels.

You collected 27 gold pieces.

Inventory:

Hand Weapons
 a - a +0 flail (weapon)
Armour
 b - a +0 robe (worn)
 c - a +0 kite shield (worn)
Jewellery
 h - a ring of ice
Scrolls
 e - a scroll of identify {unknown}
 f - a scroll of magic mapping {unknown}
 i - a scroll of torment {unknown}
 k - 2 scrolls of teleportation {unknown}
Potions
 d - a potion of might
 g - a potion of berserk rage {unknown}
 j - a potion of resistance {unknown}


   Skills:
 + Level 4.5 Fighting
 + Level 2.3 Maces & Flails
 + Level 3.1 Dodging
 + Level 3.1 Shields


You had 2 spell levels left.
You didn't know any spells.
Your spell library was empty.

Dungeon Overview and Level Annotations

Branches:
Dungeon (2/15)

Altars:

Annotations:
D:1 Robin


Innate Abilities, Weirdness & Mutations

You are too large for most types of armour.
You have tough skin. (AC +1)


Message History

The goblin hits you with a +0 club. Robin throws the goblin at you!
The goblin closely misses you.
You closely miss the goblin. You block Robin's attack.
The goblin hits you but does no damage.
Robin roars a battlecry!
The goblin goes into a battle-frenzy!
You closely miss the goblin. The goblin hits you with a +0 club.
Robin hits you with a +0 dagger. The goblin hits you with a +0 club.
You hit the goblin.
The goblin is moderately wounded.
Robin hits you but does no damage. You block the goblin's attack.
Robin hits you with a +0 dagger.
You hit the goblin.
The goblin is severely wounded.
The goblin hits you with a +0 club. Robin hits you with a +0 dagger.
* * * LOW HITPOINT WARNING * * *
You block the goblin's attack.
You closely miss the goblin.
The goblin is severely wounded.
Robin hits you with a +0 dagger.
* * * LOW HITPOINT WARNING * * *
The goblin hits you with a +0 club.
* * * LOW HITPOINT WARNING * * *
You block Robin's attack.
You barely miss the goblin.
The goblin is severely wounded.
The goblin barely misses you. Robin hits you but does no damage.
You block the goblin's attack.
You barely miss the goblin.
The goblin is severely wounded.
You block Robin's attack. The goblin hits you with a +0 club.
* * * LOW HITPOINT WARNING * * *
Robin barely misses you.
You closely miss the goblin.
The goblin is severely wounded.
The goblin hits you with a +0 club.
* * * LOW HITPOINT WARNING * * *
Robin flexes a bicep menacingly.
You block Robin's attack. The goblin hits you with a +0 club.
You die...

.###.###.# #.#.#('..###### #.
.##...##.####.#.###..#....# #.
.##...........#.##...'....# #.
.##...##.##.###.##..####### #.
.##...##.##.# #..#..# #########.
.##...#####.###....## #..†......
.###.....##....#.#######.#######.
.# #.###.##.##.#>g.......# ##
.###.###.##.##.#@#######.#
.##......##.##.#g# #.#
.##..###.##.##.#.# #.# .##.##
#.##.##.#.# #.#
.##.####.##...(..# #.#
......(...####.#)# #.#
.##.####..# #...# #.# .##.......#
#.#.#######.# .########.#
#...........#


You could see Robin and a goblin (strong).

Vanquished Creatures
  A dart slug (D:1)
  2 giant cockroaches (D:1)
  9 goblins (D:1)
  2 hobgoblins (D:1)
  8 jackals (D:1)
  3 quokkas (D:1)
  5 ball pythons (D:1)
  A bat (D:1)
  2 frilled lizards (D:1)
  3 kobolds (D:1)
  3 rats (D:1)
39 creatures vanquished.

Notes
Turn   | Place    | Note
-------+----------+-------------------------------------------
     0 | D:1      | siradein the Ogre Fighter began the quest for the Orb.
     0 | D:1      | Reached XP level 1. HP: 24/24 MP: 1/1
    71 | D:1      | Reached XP level 2. HP: 17/32 MP: 2/2
   764 | D:1      | Reached XP level 3. HP: 38/40 MP: 3/3
  1404 | D:2      | Noticed Robin
  1592 | D:1      | HP: 2/40 [goblin[Robin] (2)]
  1592 | D:1      | Slain by a goblin

Illustrated notes

Levels and vault maps discovered:
D:1:      dpeg_arrival_short_road, layout_basic
D:2:      layout_basic, ebering_ecumenical_altar_petrified, uniq_robin,
          uniq_jessica

Skill      XL: |  1  2  3 |
---------------+----------+-----
Maces & Flails | 2 |  2.3
Dodging        | 3 |  3.1
Shields        | 3 |  3.1
Fighting       | |  4.5

Action                   || total
-------------------------++-------
Melee: Flail             ||   135
Armor: Robe              ||    49
Dodge: Dodged            ||    63
Block: Kite shield       ||    74

Table legend: (Time is in decaauts)
 A = Elapsed time spent in this place.
 B = Non-inter-level travel time spent in this place.
 C = Inter-level travel time spent in this place.
 D = Time resting spent in this place.
 E = Time spent auto-exploring this place.
 F = Levels seen in this place.
 G = Mean time per level.
                   A        B        C        D        E       F      G
               +--------+--------+--------+--------+--------+-----+--------+
         Total |   1660 |   1646 |     14 |    147 |   1192 |   2 |  830.0 |
       Dungeon |   1660 |   1646 |     14 |    147 |   1192 |   2 |  830.0 |
               +--------+--------+--------+--------+--------+-----+--------+

Top non-repeatable levels by time:
     D:1: 1654 daAuts
     D:2: 6 daAuts
